[Event "Early-Titled-Tuesday-Blitz-October-03-2023"]
[Site "Chess.com"]
[Date "2023.10.03"]
[Round "3"]
[White "Quattroporte300"]
[Black "Ermito2020"]
[Result "0-1"]
[WhiteElo "2388"]
[BlackElo "2595"]
[TimeControl "180+1"]
[EndTime "8:28:17 PDT"]
[Termination "Ermito2020 won by resignation"]

1. e4 e6 2. d4 d5 3. Nd2 Be7 4. Bd3 Nf6 5. e5 Nfd7 6. c3 c5 7. Ne2 Nc6 8. Nf3 O-O 9. O-O f6 10. Nf4 Ndxe5 11. dxe5 fxe5 12. Nxe5 Nxe5 13. Bxh7+ Kxh7 14. Qh5+ Kg8 15. Qxe5 Bd6 16. Qe3 Rxf4 17. g3 Rf8 18. f4 Qf6 19. Bd2 Bd7 20. Rae1 Rae8 21. Qd3 a6 22. Qc2 Bb5 23. Rf2 e5 24. Bc1 e4 25. a4 Bc6 26. Be3 d4 27. cxd4 cxd4 28. Qc4+ Kh8 29. Bxd4 Qe6 30. Qc3 Rf7 31. Re3 Bxa4 32.
h3 Rc8 33. f5 Rxf5 34. Bxg7+ Kg8 35. Qd4 Rxf2 36. Kxf2 Bc5 37. Qxa4 Kxg7 0-1

[Event "Early-Titled-Tuesday-Blitz-October-03-2023"]
[Site "Chess.com"]
[Date "2023.10.03"]
[Round "3"]
[White "artin10862"]
[Black "borocotoajua"]
[Result "1-0"]
[WhiteElo "2842"]
[BlackElo "2612"]
[TimeControl "180+1"]
[EndTime "8:28:18 PDT"]
[Termination "artin10862 won by resignation"]

1. c4 Nf6 2. Nf3 g6 3. Nc3 Bg7 4. e4 d6 5. d4 O-O 6. Be2 e5 7. O-O Nc6 8. Be3 Ng4 9. Bg5 f6 10. Bh4 g5 11. Bg3 h5 12. h3 h4 13. d5 hxg3 14. hxg4 gxf2+ 15. Rxf2 Ne7 16. Nh2 Ng6 17.
Nf1 Nf4 18. Ne3 c6 19. Kf1 Qb6 20. Qd2 Qd4 21. Rd1 Qxd2 22. Rxd2 c5 23. Bd1 a6 24.
Na4 b5 25. Nb6 Rb8 26. Nxc8 Rfxc8 27. Nf5 Bf8 28. g3 Ng6 29. cxb5 axb5 30. a4 bxa4 31.
Bxa4 Rb4 32. Bd7 Rcb8 33. Be6+ Kh8 34. Rh2+ 1-0

[Event "Early-Titled-Tuesday-Blitz-October-03-2023"]
[Site "Chess.com"]
[Date "2023.10.03"]
[Round "3"]
[White "LuisFSiles"]
[Black "Mysterio47"]
[Result "0-1"]
[WhiteElo "2281"]
[BlackElo "2714"]
[TimeControl "180+1"]
[EndTime "8:28:18 PDT"]
[Termination "Mysterio47 won by resignation"]

1. e4 e5 2. Nf3 Nc6 3. Nc3 Nf6 4. Bc4 Nxe4 5. O-O Nd6 6. Bb3 Be7 7. Re1 O-O 8. Nxe5 Nxe5 9. Rxe5 Bf6 10. Re1 c6 11. d4 Nf5 12. d5 d6 13. Bf4 Bxc3 14. bxc3 c5 15. Bc4 Qf6 16. Qf3 Bd7 17. Rab1 b6 18.
Bd3 Rfe8 19. h3 Qxc3 20. Red1 Qf6 21. g4 Nd4 22. Qg3 Ne2+ 23. Bxe2 Rxe2 24. Bxd6 Rae8 25. c4 Rxa2 26. Bf4 Rae2 27. d6 h6 28. Rd3 Re1+ 29.
Rxe1 Rxe1+ 30. Kh2 Qa1 31. Qg2 Qf6 32. Re3 Qxf4+ 0-1

[Event "Early-Titled-Tuesday-Blitz-October-03-2023"]
[Site "Chess.com"]
[Date "2023.10.03"]
[Round "3"]
[White "soumeow"]
[Black "ChainedDowntohell"]
[Result "1-0"]
[WhiteElo "2268"]
[BlackElo "2428"]
[TimeControl "180+1"]
[EndTime "8:28:18 PDT"]
[Termination "soumeow won by resignation"]

1. e4 c5 2. Nf3 Nc6 3. d4 cxd4 4. Nxd4 Qb6 5. Nb3 Nf6 6. Nc3 e6 7. a3 a6 8. Bd3 Qc7 9. O-O b5 10. f4 d6 11. Kh1 Bb7 12. Qe1 Be7 13. Qg3 O-O 14. Bd2 Rad8 15. Rae1 Kh8 16. e5 Nd7 17. Qh3 g6 18. exd6 Bxd6 19. Ne4 Be7 20. Bc3+ Kg8 21. Qh6 f6 22. Ng5 Rf7 23. Nxf7 Bf8 24. Qh3 Kxf7 25. Qxh7+ Bg7 26. Bxg6+ Kf8 27. Rxe6 Qc8 28.
Rxc6 Qxc6 29. Bb4+ 1-0

[Event "Early-Titled-Tuesday-Blitz-October-03-2023"]
[Site "Chess.com"]
[Date "2023.10.03"]
[Round "3"]
[White "vladjianu"]
[Black "gtnamfrq"]
[Result "1-0"]
[WhiteElo "2641"]
[BlackElo "2419"]
[TimeControl "180+1"]
[EndTime "8:28:19 PDT"]
[Termination "vladjianu won by resignation"]

1. d4 Nf6 2. c4 e6 3. Nf3 d5 4.
g3 Bb4+ 5. Bd2 Be7 6. Bg2 O-O 7.
O-O c6 8. Qc2 Nbd7 9. Bf4 a5 10. Rd1 b5 11. c5 Nh5 12. e3 Nxf4 13. exf4 b4 14. a3 Ba6 15. Nbd2 Qb8 16. axb4 Qxb4 17. Bf1 Rfb8 18. Ra2 Bf6 19. Bxa6 Rxa6 20. Rda1 Bxd4 21. Ra4 Qxb2 22. Nxd4 Qxc2 23. Nxc2 Rb2 24. Nb4 Ra8 25. R1a2 Nxc5 26. Rxa5 Rxa2 27. Rxa2 Rxa2 28.
Nxa2 Nd7 29. Kf1 f6 30. Ke2 Kf7 31. Nb4 c5 32. Nc6 c4 33. Ke3 e5 34. Nf3 d4+ 35. Ke4 Nc5+ 36. Kd5 c3 37. Kxc5 c2 38. Ncxe5+ fxe5 39. Nxe5+ Ke6 40. Nd3 Kf5 41. f3 g5 42. fxg5 Kxg5 43.
Kxd4 1-0

[Event "Early-Titled-Tuesday-Blitz-October-03-2023"]
[Site "Chess.com"]
[Date "2023.10.03"]
[Round "3"]
[White "Zampronha1971"]
[Black "taleslascando"]
[Result "1-0"]
[WhiteElo "2307"]
[BlackElo "2001"]
[TimeControl "180+1"]
[EndTime "8:28:19 PDT"]
[Termination "Zampronha1971 won on time"]

1. e4 e5 2. Nf3 Nc6 3. d4 exd4 4. Nxd4 Nf6 5. Nxc6 bxc6 6. e5 Qe7 7. Qe2 Nd5 8. c4 Ba6 9. b3 g6 10. f4 Bg7 11.
Qf2 Nb6 12. c5 Bxf1 13. cxb6 Ba6 14. bxc7 O-O 15. Ba3 Qe6 16. Bxf8 Bxe5 17. Qe3 Bxa1 18. Qxe6 fxe6 19. Bd6 Rc8 20. Kd2 Bd4 21. Nc3 Bb6 22.
Ne4 Kf7 23. Bc5 Bxc7 24. Bxa7 Bxf4+ 25. Be3 Bxe3+ 26. Kxe3 d5 27. Nd6+ Ke7 28. Nxc8+ Bxc8 29. Rc1 Kd6 30. b4 e5 31. a4 Ba6 32. Rc5 Bc4 33.
Ra5 d4+ 34. Kd2 e4 35. Ra8 e3+ 36. Ke1 d3 37. Rd8+ Ke5 38. a5 d2+ 39. Kd1 1-0

[Event "Early-Titled-Tuesday-Blitz-October-03-2023"]
[Site "Chess.com"]
[Date "2023.10.03"]
[Round "3"]
[White "NovikovaGalina"]
[Black "FREDERICKtheMATE"]
[Result "0-1"]
[WhiteElo "2402"]
[BlackElo "2608"]
[TimeControl "180+1"]
[EndTime "8:28:20 PDT"]
[Termination "FREDERICKtheMATE won on time"]

1. e4 c6 2. d4 d5 3. e5 Bf5 4. Nc3 e6 5. g4 Bg6 6. Nge2 h6 7. h4 Nd7 8. Nf4 Bh7 9. Bd3 Bxd3 10. Qxd3 Ne7 11.
Be3 a6 12. O-O-O Qa5 13. Kb1 O-O-O 14. Nh5 Kb8 15. f4 c5 16. f5 c4 17. Qf1 exf5 18. gxf5 Nc6 19. e6 fxe6 20. fxe6 Nb6 21. Bf4+ Ka7 22. Bc7 Rc8 23. Bxb6+ Kxb6 24. Nf4 Ne7 25. Qf3 Rd8 26. Rhe1 g5 27. hxg5 hxg5 28. Nh3 Bh6 29. Re5 Rdf8 30. Qg2 Kc6 31. Nf2 Bg7 32. Rxg5 Bf6 33.
Rg4 b5 34. a3 Qb6 35. Na2 a5 36. c3 Kc7 37. Rh1 Rxh1+ 38. Qxh1 Qxe6 39. Rg1 Bxd4 40. cxd4 Rxf2 41. Nc1 Qf5+ 42. Ka1 Qc2 0-1

[Event "Early-Titled-Tuesday-Blitz-October-03-2023"]
[Site "Chess.com"]
[Date "2023.10.03"]
[Round "3"]
[White "drdaro"]
[Black "Sergey85Rodchenkov"]
[Result "0-1"]
[WhiteElo "2253"]
[BlackElo "2517"]
[TimeControl "180+1"]
[EndTime "8:28:20 PDT"]
[Termination "Sergey85Rodchenkov won by resignation"]

1. a3 d5 2. e3 Nf6 3. Nf3 g6 4. b4 Bg7 5. Bb2 O-O 6. Be2 b6 7.
O-O Bb7 8. d4 Nbd7 9. c4 e6 10. c5 c6 11. Nbd2 a5 12. Qb3 Ba6 13.
Bxa6 Rxa6 14. b5 a4 15. Qb4 bxc5 16. dxc5 cxb5 17. Rac1 Qa8 18. c6 Rxc6 19. Nd4 Rb6 20. Rc7 Rfb8 21. Rfc1 Bf8 22. Qc3 b4 23. Qc2 bxa3 24.
Ba1 Bd6 25. Rc3 Bb4 26. Rc7 Bxd2 27. Qxd2 Rb1 28. Nf3 Rxc1+ 29. Qxc1 a2 30. Qc3 e5 31. h4 Ne4 32. Qc2 Rb1+ 33. Kh2 Rxa1 34. Rxd7 Rh1+ 35. Kxh1 a1=Q+ 0-1

[Event "Early-Titled-Tuesday-Blitz-October-03-2023"]
[Site "Chess.com"]
[Date "2023.10.03"]
[Round "3"]
[White "VovenRogel"]
[Black "TatjanaVasilevich"]
[Result "1-0"]
[WhiteElo "2852"]
[BlackElo "2584"]
[TimeControl "180+1"]
[EndTime "8:28:23 PDT"]
[Termination "VovenRogel won by checkmate"]

1. d4 Nf6 2. c4 e6 3. Nf3 Bb4+ 4. Nbd2 b6 5. a3 Bxd2+ 6. Qxd2 Ba6 7. e3 O-O 8. b3 d5 9. Bb2 Ne4 10. Qc2 c6 11.
Bd3 f5 12. Ne5 Bb7 13. f3 Nf6 14. O-O Nbd7 15. Rad1 Nxe5 16. dxe5 Nd7 17. cxd5 cxd5 18. b4 Rc8 19. Qe2 Qe7 20. Bd4 Rc7 21. Rc1 Rfc8 22.
Qd2 Nb8 23. h3 Nc6 24. Bb2 a5 25. b5 Nb8 26. g4 g6 27. gxf5 gxf5 28. Kh2 Nd7 29.
Rg1+ Kh8 30. Rxc7 Rxc7 31. Qg2 Rc8 32. Bxf5 exf5 33. e6+ Nf6 34. Qg5 Rf8 35. Bxf6+ Qxf6 36. e7 Qf7 37. exf8=Q+ Qxf8 38. Qf4 Qe8 39. Qd4+ Qe5+ 40. Qxe5# 1-0

[Event "Early-Titled-Tuesday-Blitz-October-03-2023"]
[Site "Chess.com"]
[Date "2023.10.03"]
[Round "3"]
[White "Vesper2018"]
[Black "RobertoJBM"]
[Result "1-0"]
[WhiteElo "2593"]
[BlackElo "2803"]
[TimeControl "180+1"]
[EndTime "8:28:23 PDT"]
[Termination "Vesper2018 won on time"]

1. e4 c6 2. d4 d5 3. e5 Bf5 4. Nf3 e6 5. Be2 Nd7 6. O-O Bg6 7. Nbd2 Nh6 8. Nb3 Nf5 9. a4 Be7 10. g4 Nh4 11. Nxh4 Bxh4 12. f4 f5 13. g5 h6 14. Bh5 Kf7 15. Kh1 hxg5 16. Bxg6+ Kxg6 17. fxg5 Rh5 18. Rg1 Qe7 19. Qf3 Rah8 20. Rg2 Kf7 21.
g6+ Kg8 22. Bf4 Qe8 23. Na5 Qc8 24. b4 Be7 25. Bd2 Rh3 26. Qf2 R8h4 27. Nb3 Nb6 28. Nc5 Nc4 29. a5 b6 30. axb6 axb6 31. Nd3 Nxd2 32.
Qxd2 Rxd4 33. Ra7 Bf8 34. Qg5 Re4 35. Rg1 Re2 36. Rg2 Re4 37. Nf4 Rf3 38. Qh5 1-0

[Event "Early-Titled-Tuesday-Blitz-October-03-2023"]
[Site "Chess.com"]
[Date "2023.10.03"]
[Round "3"]
[White "NikolaGry"]
[Black "Beca95"]
[Result "0-1"]
[WhiteElo "2709"]
[BlackElo "3024"]
[TimeControl "180+1"]
[EndTime "8:28:24 PDT"]
[Termination "Beca95 won by resignation"]

1. d4 Nf6 2. Bg5 e6 3. Nd2 h6 4. Bh4 d5 5. e3 Nbd7 6. f4 Be7 7. Bd3 b6 8. Qe2 Bb7 9. Ngf3 Ne4 10. Bxe7 Qxe7 11. O-O-O c5 12. Bxe4 dxe4 13. Ne5 cxd4 14. exd4 Nf6 15. Rhe1 Rc8 16. Kb1 h5 17. g3 g6 18. h3 Qb4 19. Nb3 a5 20. c3 Qd6 21.
Qb5+ Kf8 22. Nxa5 bxa5 23. Qxb7 Rc7 24. Qb8+ Kg7 25. Nxf7 Rxb8 26. Nxd6 e3 27. c4 Rc6 28.
c5 Nd5 29. Rc1 h4 30. gxh4 Rf8 31. Rg1 Nxf4 32. Rce1 e2 33. Rg4 e5 34. a3 exd4 35. b4 axb4 36. axb4 d3 37. Kc1 Ra6 38. Kd2 Ra2+ 39. Kc3 d2 0-1

[Event "Early-Titled-Tuesday-Blitz-October-03-2023"]
[Site "Chess.com"]
[Date "2023.10.03"]
[Round "3"]
[White "novocane"]
[Black "Elbebiber"]
[Result "1-0"]
[WhiteElo "2367"]
[BlackElo "2145"]
[TimeControl "180+1"]
[EndTime "8:28:24 PDT"]
[Termination "novocane won on time"]

1. d4 Nf6 2. c4 e6 3. Nc3 d5 4.
cxd5 exd5 5. Bg5 c6 6. Qc2 Be7 7. e3 h6 8. Bh4 O-O 9. Bd3 Re8 10. Nf3 Nbd7 11. O-O-O Nf8 12. h3 a5 13. g4 N6d7 14. Bg3 b5 15. Nxd5 Nf6 16. Nc7 Be6 17. Nxa8 Qxa8 18. Kb1 Nd5 19. a3 a4 20. Ne5 Rc8 21.
e4 Nb6 22. Qd2 b4 23. axb4 a3 24. b3 Bxb3 25. Rc1 Qa4 26. d5 Bxb4 27. Qf4 a2+ 28. Ka1 Ba3 29. Qxf7+ Kh8 30. Nf3 Qb4 31. Be5 1-0

[Event "Early-Titled-Tuesday-Blitz-October-03-2023"]
[Site "Chess.com"]
[Date "2023.10.03"]
[Round "3"]
[White "Martial2008"]
[Black "KorolDimitriy75"]
[Result "1-0"]
[WhiteElo "2599"]
[BlackElo "2394"]
[TimeControl "180+1"]
[EndTime "8:28:25 PDT"]
[Termination "Martial2008 won on time"]

1. d4 Nf6 2. Nf3 g6 3. Bg5 Bg7 4. Nbd2 c5 5. dxc5 Qa5 6. c3 Qxc5 7.
Bxf6 Bxf6 8. Ne4 Qb6 9. Nxf6+ Qxf6 10. e3 O-O 11. Qd4 Qxd4 12. exd4 d5 13. Bd3 Nc6 14. O-O Bg4 15. Nd2 Rfc8 16. h3 Bd7 17. a4 b6 18. Nb3 Rab8 19. Rfb1 e5 20. dxe5 Nxe5 21. Be2 Bf5 22. Rd1 Nc4 23. Bxc4 dxc4 24. Nd4 Bd3 25. Re1 Kf8 26. f3 Rc5 27. Kf2 Re8 28. Rxe8+ Kxe8 29. h4 h5 30. Ke3 Kd7 31. b4 Re5+ 32. Kf2 a5 33. b5 Kd6 34. Kg3 Kd5 35. Kf4 f6 36. Rd1 g5+ 37. Kg3 Kc5 38. Rh1 Bg6 39. Kf2 Kd5 40.
g3 Kc5 41. Rg1 Kd5 42. f4 Re4 43. fxg5 fxg5 44. hxg5 Rg4 45. Re1 Rxg5 46. Re6 Bd3 47. Rxb6 Rg7 48. Rh6 Rf7+ 49. Ke3 Re7+ 50. Kd2 Rf7 51.
Rxh5+ Kd6 52. b6 Rf2+ 53. Ke3 Rb2 54. Rb5 1-0

[Event "Early-Titled-Tuesday-Blitz-October-03-2023"]
[Site "Chess.com"]
[Date "2023.10.03"]
[Round "3"]
[White "zajka-molotok"]
[Black "chesskov1982"]
[Result "0-1"]
[WhiteElo "2584"]
[BlackElo "2825"]
[TimeControl "180+1"]
[EndTime "8:28:26 PDT"]
[Termination "chesskov1982 won by resignation"]

1. e4 c6 2. d4 d5 3. exd5 cxd5 4. Bd3 Nc6 5. c3 Nf6 6. h3 g6 7. Nf3 Bg7 8. O-O O-O 9. Re1 Bf5 10. Bf1 a6 11. Bf4 b5 12. a3 Na5 13. Nbd2 Nc4 14. Qc1 Re8 15. Nb3 Ne4 16. Bh2 a5 17. Ne5 Qb6 18. Nd3 a4 19. Nbc5 Nxc5 20. Nxc5 e5 21. g4 exd4 22. gxf5 Qxc5 23. Bxc4 dxc4 24. fxg6 hxg6 25.
Qd2 dxc3 26. bxc3 Bf6 27. Rxe8+ Rxe8 28. Bf4 Qf5 29. Kh2 Bxc3 30. Qxc3 Qxf4+ 31. Qg3 Qxg3+ 32. Kxg3 Rd8 33. Rb1 Rd3+ 34. Kf4 Rb3 35. Rc1 Rxa3 0-1

[Event "Early-Titled-Tuesday-Blitz-October-03-2023"]
[Site "Chess.com"]
[Date "2023.10.03"]
[Round "3"]
[White "Haykoooo0o"]
[Black "Elprofessor21"]
[Result "0-1"]
[WhiteElo "2449"]
[BlackElo "2644"]
[TimeControl "180+1"]
[EndTime "8:28:26 PDT"]
[Termination "Elprofessor21 won by checkmate"]

1. e4 c5 2. Nf3 d6 3. Nc3 a6 4. d4 cxd4 5. Nxd4 Nf6 6. Be2 e5 7. Nb3 Be7 8. O-O O-O 9. Bg5 Be6 10. Bxf6 Bxf6 11. Nd5 Nd7 12. Qd2 Bg5 13. Qb4 Bxd5 14. exd5 a5 15. Qxb7 a4 16. Nc1 Nc5 17. Qb5 Rb8 18.
Qc4 Bxc1 19. Raxc1 Rxb2 20. Rb1 Qb6 21. Rxb2 Qxb2 22.
f4 Rb8 23. Bg4 Rb4 24. Qe2 Re4 25. Qd2 exf4 26. Rxf4 Qxa2 27. Rxe4 Nxe4 28. Qe1 Qxc2 29. Bf5 Qc5+ 30. Kf1 Qc4+ 31. Kg1 Qd4+ 32. Kf1 Nd2+ 33. Ke2 Nc4 34. Kf3 Ne5+ 35. Kg3 g6 36. Bc2 a3 37.
Qa5 Qe3+ 38. Kh4 Qf4+ 39. Kh3 Qg4# 0-1

[Event "Early-Titled-Tuesday-Blitz-October-03-2023"]
[Site "Chess.com"]
[Date "2023.10.03"]
[Round "3"]
[White "LoydBlankenship"]
[Black "AjedrezenMadrid"]
[Result "0-1"]
[WhiteElo "2637"]
[BlackElo "2475"]
[TimeControl "180+1"]
[EndTime "8:28:27 PDT"]
[Termination "AjedrezenMadrid won by resignation"]

1. e4 c5 2. Nf3 e6 3. d4 cxd4 4. Nxd4 Nc6 5. Nc3 Qc7 6. Be3 a6 7. f3 Nf6 8. Qd2 Be7 9. O-O-O b5 10. g4 Nxd4 11. Qxd4 Bb7 12. h4 Rc8 13. Rd2 b4 14. Ne2 d5 15. e5 Nd7 16. f4 Bc5 17. Qd3 Bxe3 18. Qxe3 d4 19. Qh3 d3 20. Nd4 Bxh1 21. Qxh1 Qc4 22. Qg1 Qxa2 23. Rxd3 Qa1+ 24. Kd2 Qxb2 25.
Nb3 Rxc2+ 26. Ke3 Nxe5 27. fxe5 Qxe5+ 28. Kf3 O-O 29. Re3 Qd5+ 30. Kg3 Rc3 31. Rxc3 bxc3 32. Nc1 Qe5+ 33. Kh3 Rd8 34. Qb6 Qf6 35. Be2 h5 36.
Qe3 hxg4+ 37. Kxg4 Rd4+ 38. Kg3 Qxh4+ 39. Kg2 g5 40. Nd3 Re4 41. Qf3 c2 42. Nf2 Rf4 43. Qe3 Qxf2+ 44. Qxf2 Rxf2+ 45. Kxf2 c1=Q 0-1

[Event "Early-Titled-Tuesday-Blitz-October-03-2023"]
[Site "Chess.com"]
[Date "2023.10.03"]
[Round "3"]
[White "PoXerStar"]
[Black "JiaHaoxiang"]
[Result "0-1"]
[WhiteElo "2423"]
[BlackElo "2618"]
[TimeControl "180+1"]
[EndTime "8:28:27 PDT"]
[Termination "JiaHaoxiang won by checkmate"]

1. Nc3 g6 2. d4 Bg7 3. e4 d6 4. h4 Nf6 5. Be2 h6 6. Be3 c6 7. f3 b5 8. a3 Nbd7 9. Qd2 Nb6 10. b3 Bb7 11. Rd1 a5 12. Bd3 Qc7 13. Nh3 b4 14. axb4 axb4 15. Ne2 c5 16. dxc5 dxc5 17.
Bb5+ Kf8 18. Nhf4 Kg8 19. O-O Kh7 20. Nd3 Rhd8 21. Bf4 Qc8 22. Qe3 Ra5 23. Bc4 Nxc4 24. bxc4 Ba6 25. Ne5 Rxd1 26. Rxd1 Qe6 27. Nc1 Nh5 28.
Ned3 Bd4 29. Qxd4 cxd4 30. Bd2 Bxc4 31. Ne2 Bxd3 32. cxd3 Ra2 33. Kf1 b3 34. Nxd4 Qb6 35. Ne2 b2 36. Nc3 Ra1 37. Ke2 Ng3+ 38. Ke1 Qg1# 0-1

[Event "Early-Titled-Tuesday-Blitz-October-03-2023"]
[Site "Chess.com"]
[Date "2023.10.03"]
[Round "3"]
[White "familijatop71"]
[Black "elamier"]
[Result "0-1"]
[WhiteElo "2209"]
[BlackElo "2406"]
[TimeControl "180+1"]
[EndTime "8:28:27 PDT"]
[Termination "elamier won by resignation"]

1. e4 c5 2. c3 Nf6 3. e5 Nd5 4. Nf3 d6 5. d4 cxd4 6. exd6 e6 7. Nxd4 Bxd6 8. g3 Nc6 9. Nxc6 bxc6 10. Bg2 O-O 11. O-O Qc7 12. Nd2 e5 13. Ne4 Be7 14. c4 Nf6 15. Nxf6+ Bxf6 16. Qe2 Be6 17. Be3 Rab8 18. b3 Rfd8 19. Rad1 a5 20. Qf3 c5 21.
Rxd8+ Rxd8 22. Rd1 Rxd1+ 23. Qxd1 a4 24. Bd5 Bxd5 25.
Qxd5 axb3 26. axb3 h6 27. Qxc5 Qb7 28. b4 Qe4 29.
Qc8+ Kh7 30. b5 Qb1+ 31. Kg2 Qe4+ 32. Kf1 Qb1+ 33. Ke2 Qc2+ 34. Bd2 Bg5 35. Qf5+ Qxf5 0-1

[Event "Early-Titled-Tuesday-Blitz-October-03-2023"]
[Site "Chess.com"]
[Date "2023.10.03"]
[Round "3"]
[White "jaskol95"]
[Black "JoseRemolar"]
[Result "1-0"]
[WhiteElo "2632"]
[BlackElo "2438"]
[TimeControl "180+1"]
[EndTime "8:28:28 PDT"]
[Termination "jaskol95 won on time"]

1. e4 c5 2. Nf3 d6 3. Bb5+ Nd7 4. a4 a6 5. Bc4 e6 6. Nc3 Ngf6 7. O-O Be7 8. Re1 O-O 9. d3 b6 10. e5 dxe5 11.
Nxe5 Nxe5 12. Rxe5 Bb7 13. Bg5 Qd4 14. Re3 Bd6 15. Bxf6 Qxf6 16. Ne4 Qg6 17. Qf1 Bc7 18.
Rae1 Rae8 19. Ng3 Bf4 20. R3e2 h5 21. f3 h4 22. Ne4 f5 23. Nxc5 Bxh2+ 24. Kxh2 bxc5 25.
Rxe6 Rxe6 26. Rxe6 Qg3+ 27. Kg1 Kh7 28. Qf2 Qf4 29. Qe3 Qg3 30. Qe5 Qg5 31. Re7 1-0

[Event "Early-Titled-Tuesday-Blitz-October-03-2023"]
[Site "Chess.com"]
[Date "2023.10.03"]
[Round "3"]
[White "ajedrez-facil"]
[Black "QuintilianoR"]
[Result "0-1"]
[WhiteElo "2274"]
[BlackElo "2657"]
[TimeControl "180+1"]
[EndTime "8:28:28 PDT"]
[Termination "QuintilianoR won by resignation"]

1. e4 c5 2. Nf3 d6 3. d4 cxd4 4. Qxd4 a6 5. Bc4 Nc6 6. Qd3 Nf6 7. Nc3 g6 8. Bg5 Bg7 9. Rd1 Nd7 10. Bb3 Nc5 11.
Qe2 Nxb3 12. axb3 h6 13. Be3 O-O 14. O-O b5 15. Qd2 Kh7 16. Nd4 Ne5 17. f3 Bb7 18. Nde2 Rc8 19. Rc1 b4 20. Nd5 Bxd5 21. Qxd5 Qc7 22.
c3 Qb8 23. c4 Nc6 24. Qd2 Na5 25. Qc2 Nb7 26. Ra1 a5 27. Nd4 e6 28. Nb5 d5 29.
exd5 exd5 30. Ba7 Qa8 31. Bf2 dxc4 32. bxc4 Qa6 33. Rac1 a4 34. Kh1 b3 35. Qb1 Na5 36. Na3 Nxc4 37. Qd3 Rfd8 38. Qe2 Rd2 39. Qe7 Nxa3 40.
Rxc8 Qxf1+ 0-1

[Event "Early-Titled-Tuesday-Blitz-October-03-2023"]
[Site "Chess.com"]
[Date "2023.10.03"]
[Round "3"]
[White "Zavgorodniy_Sergiy"]
[Black "colegiodemadrid"]
[Result "1-0"]
[WhiteElo "2608"]
[BlackElo "2401"]
[TimeControl "180+1"]
[EndTime "8:28:29 PDT"]
[Termination "Zavgorodniy_Sergiy won by resignation"]

1. e4 e5 2. Nf3 Nc6 3. Bb5 a6 4.
Bxc6 dxc6 5. O-O Bg4 6. d3 Qf6 7. Be3 Bxf3 8. Qxf3 Qxf3 9. gxf3 Ne7 10. f4 exf4 11.
Bxf4 O-O-O 12. Nd2 f6 13. Be3 f5 14. f3 Ng6 15. Kf2 Bd6 16. h3 f4 17. Bd4 Be5 18. Bxe5 Nxe5 19. Rg1 g6 20. Ke2 c5 21. Rg5 Rhe8 22. h4 b6 23. Rd1 Kb7 24. Nc4 Nxc4 25. dxc4 Rxd1 26. Kxd1 Kc6 27. a4 Re6 28. Ke2 Kd6 29.
h5 Re5 30. Rxe5 Kxe5 31. hxg6 hxg6 32. Kf2 Kd4 33. Kg2 Kxc4 34. Kh3 Kd4 35. Kg4 Ke5 36. Kg5 c4 37. c3 c6 38. Kxg6 a5 39. Kg5 b5 40. Kg4 bxa4 41. Kg5 c5 42. Kg4 1-0

[Event "Early-Titled-Tuesday-Blitz-October-03-2023"]
[Site "Chess.com"]
[Date "2023.10.03"]
[Round "3"]
[White "Mihajlovskij"]
[Black "hypert"]
[Result "0-1"]
[WhiteElo "2289"]
[BlackElo "2534"]
[TimeControl "180+1"]
[EndTime "8:28:30 PDT"]
[Termination "hypert won by resignation"]

1. e4 c5 2. Nf3 d6 3. d4 cxd4 4. Qxd4 Nf6 5. Bg5 a6 6. Bc4 e6 7. Nc3 Nbd7 8. O-O-O Qa5 9. Rhe1 Be7 10. e5 dxe5 11.
Nxe5 Nb6 12. Ng4 Qxg5+ 13. f4 Qc5 14. Nxf6+ gxf6 15. Qxc5 Bxc5 16. Bb3 f5 17. a4 Bb4 18.
Re3 Bxc3 19. Rxc3 Bd7 20. a5 Nc8 21. Rcd3 Ne7 22. Rxd7 Nc6 23. Rxb7 O-O 24. Ba2 Nxa5 25. Rc7 Rfc8 26. Rdd7 Rxc7 27. Rxc7 Rb8 28. h3 Nb7 29. g4 fxg4 30. hxg4 a5 31. f5 Nd6 32. fxe6 fxe6 33. Bxe6+ Kh8 34. Rc5 a4 35. Ra5 Re8 36. Bd7 Re1+ 37. Kd2 Re7 38. Bf5 Nc4+ 39. Kc3 Nxa5 40.
Kb4 Nc6+ 41. Kxa4 Rb7 42. Be4 Rb4+ 0-1

[Event "Early-Titled-Tuesday-Blitz-October-03-2023"]
[Site "Chess.com"]
[Date "2023.10.03"]
[Round "3"]
[White "NodariousBIG"]
[Black "Dixit_Nikhil"]
[Result "0-1"]
[WhiteElo "2832"]
[BlackElo "2641"]
[TimeControl "180+1"]
[EndTime "8:28:31 PDT"]
[Termination "Dixit_Nikhil won by resignation"]

1. e4 c5 2. c3 e6 3. d4 d5 4.
e5 Nc6 5. Nf3 Bd7 6. a3 c4 7. h4 Na5 8. Nbd2 Bc6 9. h5 Qd7 10.
g3 Ne7 11. Bh3 Nc8 12. O-O g6 13. Nh2 Ba4 14. Qf3 Bc2 15. Ng4 Be7 16. Nf6+ Bxf6 17.
Qxf6 Rf8 18. Nf3 Nb3 19. Bh6 Qe7 20. Bxf8 Qxf6 21. exf6 Kxf8 22. Rae1 Nd6 23. Ng5 gxh5 24. Bxe6 fxe6 25. Nxe6+ Kf7 26. Nc7 Rd8 27. Nxd5 Nf5 28. Re5 Nd2 29. Ne7 Nf3+ 30. Kg2 Nxe5 31. Nxf5 Ng6 32. Ne3 Be4+ 33. f3 Bd3 34. Rh1 Kxf6 35. Rxh5 Re8 36. Kf2 Kg7 37. Ra5 a6 38. Rc5 Re7 39.
d5 Rd7 40. d6 Rxd6 41. Rc6 Rxc6 0-1

[Event "Early-Titled-Tuesday-Blitz-October-03-2023"]
[Site "Chess.com"]
[Date "2023.10.03"]
[Round "3"]
[White "chess94cu"]
[Black "Rap_woyska"]
[Result "0-1"]
[WhiteElo "2681"]
[BlackElo "2488"]
[TimeControl "180+1"]
[EndTime "8:28:34 PDT"]
[Termination "Rap_woyska won by resignation"]

1. Nf3 d5 2. c4 c6 3. e3 Nf6 4. b3 Bg4 5. Bb2 Nbd7 6. Be2 e6 7. O-O a5 8. a3 Bd6 9. d4 Qb8 10.
h3 Bh5 11. Nbd2 O-O 12. c5 Bc7 13. b4 b5 14. Ne1 Bxe2 15. Qxe2 e5 16. Nd3 Re8 17.
dxe5 Nxe5 18. Nb3 Nc4 19. Bxf6 gxf6 20. Nd4 Qc8 21. Qg4+ Qxg4 22. hxg4 Ra6 23. a4 axb4 24. axb5 Rxa1 25. Rxa1 cxb5 26. Nxb4 Be5 27. Nxd5 Rd8 28.
Ne7+ Kf8 29. Nef5 b4 30. Rb1 Rc8 31. c6 Na5 32. Rxb4 Nxc6 33. Nxc6 Rxc6 34. g3 Rc8 35. Rb7 Rb8 36. Ra7 Rc8 37. Kg2 Ke8 38. f4 Bb8 39. Rc7 Bxc7 0-1

[Event "Early-Titled-Tuesday-Blitz-October-03-2023"]
[Site "Chess.com"]
[Date "2023.10.03"]
[Round "3"]
[White "BigAl"]
[Black "BardArtem"]
[Result "1-0"]
[WhiteElo "2567"]
[BlackElo "2762"]
[TimeControl "180+1"]
[EndTime "8:28:35 PDT"]
[Termination "BigAl won by resignation"]

1. Nf3 d5 2. g3 Nc6 3. Bg2 e5 4. d3 Nf6 5. O-O h6 6. Nbd2 Bc5 7. c4 O-O 8. cxd5 Nxd5 9. a3 a5 10. Qc2 Ba7 11. e3 Bxe3 12. fxe3 Nxe3 13. Qc3 Nxf1 14.
Nxf1 Bf5 15. Nxe5 Nd4 16. Kh1 Re8 17. Nc4 Ne2 18. Qb3 Nxc1 19. Rxc1 Qxd3 20. Qxb7 Rab8 21.
Qf3 Qxf3 22. Bxf3 Be4 23. Kg2 Bxf3+ 24. Kxf3 Rb3+ 25. Kf2 a4 26. Nfe3 Kh7 27. Rd1 Re7 28.
h4 g6 29. Rd5 f5 30. h5 gxh5 31. Rxf5 Kg6 32. Ra5 Rf7+ 33. Ke2 Rb8 34. Rxa4 Re8 35. Ra5 Rfe7 36. Kd3 Re4 37. Ra6+ Kh7 38. a4 R4e7 39. Rc6 Rd8+ 40. Kc3 Rg8 41. Kb4 Rxg3 42. Nf5 Rgg7 43.
Nxe7 Rxe7 44. a5 h4 45. a6 h3 46. a7 Re8 47. Rxc7+ Kg6 48. Nb6 h2 49. Rc1 h1=Q 50.
Rxh1 Kg5 51. a8=Q Rxa8 52. Nxa8 1-0

[Event "Early-Titled-Tuesday-Blitz-October-03-2023"]
[Site "Chess.com"]
[Date "2023.10.03"]
[Round "3"]
[White "Predator0608"]
[Black "HrvojeZagreb"]
[Result "0-1"]
[WhiteElo "2482"]
[BlackElo "2323"]
[TimeControl "180+1"]
[EndTime "8:28:37 PDT"]
[Termination "HrvojeZagreb won by resignation"]

1. e4 c5 2. Nf3 a6 3. c4 Nc6 4. d4 cxd4 5. Nxd4 e6 6. Nc3 d6 7. Be3 Nf6 8. Be2 Be7 9. O-O O-O 10.
f4 Qc7 11. Qd2 Nxd4 12. Bxd4 b6 13. Rae1 Bb7 14. Bd3 d5 15. cxd5 exd5 16. e5 Bc5 17. Ne2 Ne4 18. Qe3 f5 19. exf6 Nxf6 20. Bxc5 bxc5 21.
Bb1 d4 22. Qh3 Rae8 23. g4 Qc6 24. Ng3 g6 25. g5 Rxe1 26. Rxe1 Nd5 27. f5 Nf4 28.
Qf1 d3 29. f6 c4 30. a3 Qc5+ 31. Qf2 Nh3+ 0-1